 Dungeon Crawl Stone Soup version 0.31-a0-875-g02e7d12df6 (webtiles) character file.

Game seed: 10444533701456154845

3257 pokeman the Thaumaturge (level 9, -2/48 HPs)
             Began as a Deep Elf Hedge Wizard on Oct 13, 2023.
             Was a Follower of Vehumet.
             Succumbed to a killer bee's poison
             ... on level 9 of the Dungeon.
             The game lasted 00:19:16 (8207 turns).

pokeman the Thaumaturge (Deep Elf Hedge Wizard)     Turns: 8207, Time: 00:19:16

Health: -2/48      AC:  8    Str:  7    XL:     9   Next: 67%
Magic:  16/26      EV: 13    Int: 24    God:    Vehumet [*.....]
Gold:   254        SH:  0    Dex: 14    Spells: 11/31 levels left

rFire   . . .        J - +2 war axe (venom)
rCold   . . .        (no shield)
rNeg    . . .        b - +0 robe
rPois   .            k - +0 helmet
rElec   .            l - +0 cloak
rCorr   +            B - +1 pair of gloves
SInv    .            q - +0 pair of boots
Will    .....        (no amulet)
Stlth   +            v - ring of resist corrosion
HPRegen 0.28/turn    A - ring of wizardry
MPRegen 0.20/turn

%: wizardry (x1)
@: confused, lethally poisoned (-2 -> -14)
A: sense surroundings 1
a: Renounce Religion


You were on level 9 of the Dungeon.
You worshipped Vehumet.
Vehumet was aware of your devotion.
You visited 2 branches of the dungeon, and saw 10 of its levels.

You collected 370 gold pieces.
You spent 116 gold pieces at shops.

Inventory:

Hand Weapons
 J - a +2 war axe of venom (weapon)
Missiles
 H - 2 curare-tipped darts
Armour
 b - a +0 robe (worn)
 g - a +0 ring mail of cold resistance
 k - a +0 helmet (worn)
 l - a +0 cloak (worn)
 q - a +0 pair of boots (worn)
 B - a +1 pair of gloves (worn)
Jewellery
 v - a ring of resist corrosion (left hand)
 A - a ring of wizardry (right hand)
 C - a ring of protection from cold
 D - an amulet of guardian spirit
 E - a ring of flight
 I - a ring of willpower
Wands
 m - a wand of iceblast (26)
 s - a wand of mindburst (4)
Scrolls
 a - a scroll of immolation {unknown}
 c - a scroll of poison {unknown}
 e - 6 scrolls of blinking {unknown}
 h - a scroll of summoning {unknown}
 j - 3 scrolls of vulnerability {unknown}
 n - 2 scrolls of amnesia {unknown}
 o - a scroll of teleportation {unknown}
 t - 2 scrolls of enchant armour {unknown}
 u - a scroll of noise {unknown}
 x - 5 scrolls of identify {unknown}
 y - 2 scrolls of fear {unknown}
Potions
 d - 2 potions of magic
 f - a potion of enlightenment {unknown}
 i - 2 potions of mutation
 p - 2 potions of heal wounds {unknown}
 r - a potion of might {unknown}
 w - a potion of cancellation {unknown}
 z - a potion of lignification {unknown}
 F - a potion of haste {unknown}
 G - a potion of curing {unknown}


   Skills:
 - Level 2.0 Fighting
 + Level 3.9 Armour
 - Level 3.2 Dodging
 - Level 3.3 Stealth
 * Level 11.9 Spellcasting
 + Level 6.5 Conjurations
 - Level 1.1 Summonings
 - Level 1.1 Translocations
 + Level 5.9 Fire Magic
 - Level 1.2 Ice Magic
 - Level 1.0 Air Magic
 - Level 1.2 Poison Magic
 - Level 1.2 Evocations


You had 11 spell levels left.
You knew the following spells:

 Your Spells              Type           Power      Damage    Failure   Level
a - Magic Dart            Conj           100%       1d8       1%          1
b - Mephitic Cloud        Conj/Pois/Air  28%        N/A       1%          3
c - Call Imp              Summ           38%        N/A       1%          2
d - Blink                 Tloc           38%        N/A       1%          2
e - Foxfire               Conj/Fire      100%       2x1d9     1%          1
f - Freezing Cloud        Conj/Ice/Air   14%        6-21      14%         5
g - Starburst             Conj/Fire      22%        6d7       21%         6

Your spell library contained the following spells:

 Spells                   Type           Power      Damage    Failure   Level
 Sandblast                Erth           28%        2d8       1%          1
 Apportation              Tloc           38%        N/A       1%          1
 Necrotise                Necr           56%        1d6       1%          1
 Slow                     Hex            56%        N/A       1%          1
 Summon Small Mammal      Summ           76%        N/A       1%          1
 Cigotuvi's Dreadful Rot  Necr/Pois/Air  34%        N/A       1%          2
 Poisonous Vapours        Pois/Air       38%        N/A       1%          2
 Searing Ray              Conj           90%        2d7       1%          2
 Fulminant Prism          Conj/Hex       15%        3d10      4%          4
 Plasma Beam              Fire/Air       15%        2x1d27    52%         6


Dungeon Overview and Level Annotations

Branches:
Dungeon (9/15)             Temple (1/1) D:7
   Lair: D:8-11         Orc: D:9-12

Altars:
Ashenzari
Cheibriados
Dithmenos
Elyvilon
Fedhas
Gozag
Hepliaklqana
Kikubaaqudgha
Makhleb
Nemelex Xobeh
Okawaru
Qazlal
Ru
Sif Muna
Trog
Uskayaw
Vehumet
Wu Jian
Yredelemnul
Zin
The Shining One

Shops:
D:5 *[(   D:6 [   D:9 (

Annotations:
D:5 1 runed translucent door, bchevrier's ghost, novice GnWn


Innate Abilities, Weirdness & Mutations

You passively map a small area around you.


Message History

The stinking cloud engulfs the killer bee but does no damage.
The killer bee is almost dead.
You are engulfed in noxious fumes.
You choke on the stench!
You are confused.
* * * LOW HITPOINT WARNING * * *
You feel very sick.
The killer bee is engulfed in noxious fumes.
The killer bee appears confused.
The killer bee barely misses you.
The killer bee barely misses itself.
The killer bee is engulfed in noxious fumes.
The killer bee appears confused.
The killer bee closely misses the killer bee.
The killer bee is engulfed in noxious fumes.
The killer bee appears confused.
The killer bee stings the killer bee.
The killer bee is poisoned.
The killer bee poisons the killer bee!
Unknown command.
You bump into the rock wall.
You are engulfed in noxious fumes.
You choke on the stench!
You are more confused.
* * * LOW HITPOINT WARNING * * *
You feel very sick.
The killer bee buzzes angrily.
The killer bee is engulfed in noxious fumes.
The killer bee appears confused.
The killer bee is engulfed in noxious fumes.
The killer bee appears confused.
Something closely misses the killer bee.
The killer bee is engulfed in noxious fumes.
The killer bee appears confused.
The killer bee stings the killer bee.
The killer bee is killed!
Vehumet accepts your kill.
The killer bee is engulfed in noxious fumes.
The killer bee appears confused.
The killer bee completely misses something.
Unknown command.
It was a potion of mutation.
You feel extremely strange.
You feel a strange attunement to the structure of the dungeons.
You are engulfed in noxious fumes.
You choke on the stench!
You are more confused.
You die...

##.#†#####.#.....>..##.........#
....†.†##..#...................+
######.#..##...†....##.........#
, #...####.##############'###
##### #.# #.# , #.## ##.# #..#
#..# , ##.##### ##.## , #..@☼y#
#..# *, *#####y# ####'###### , ,
.yl#*#....<....# * ,


y†yy# +[........# ,yO.y†# #.........+ , ..†...+ #.........# !y.....# ####+######
*###'##### , * You could see a wyvern and 2 killer bees.

Vanquished Creatures
  Prince Ribbit (D:8)
  A wyvern (D:8)
  A steam dragon (D:8)
  A water moccasin (D:8)
  3 sky beasts
  A black bear (D:3)
  2 ogres (D:4)
  2 centaurs (D:7)
  A phantom (D:6)
  3 bullfrogs
  3 scorpions
  8 wights (D:8)
  10 killer bees (D:9)
  3 hounds
  2 jellies
  2 orc priests
  A gnoll bouda (D:4)
  Jessica (D:2)
  2 orc wizards (D:3)
  2 iguanas (D:6)
  5 gnolls (D:4)
  7 adders
  A shadow imp (D:5)
  A white imp (D:7)
  An ufetubus (D:7)
  A worm (D:4)
  A dart slug (D:3)
  15 orcs
  10 ball pythons
  12 endoplasms
  3 giant cockroaches
  5 goblins
  5 hobgoblins
  4 jackals
  9 kobolds
  A quokka (D:1)
  7 bats
  2 frilled lizards (D:1)
  4 rats
  A foxfire (D:4)
145 creatures vanquished.

Vanquished Creatures (collateral kills)
  2 killer bees (D:9)
  A jelly (D:8)
3 creatures vanquished.

Vanquished Creatures (others)
  A killer bee (D:9)
  394 foxfires
395 creatures vanquished.

Grand Total: 543 creatures vanquished

Notes
Turn   | Place    | Note
-------+----------+-------------------------------------------
     0 | D:1      | pokeman the Deep Elf Hedge Wizard began the quest for the
                  | Orb.
     0 | D:1      | Reached XP level 1. HP: 10/10 MP: 7/7
   312 | D:1      | Reached XP level 2. HP: 15/16 MP: 2/9
   791 | D:1      | Reached skill level 5 in Spellcasting
   943 | D:1      | Reached XP level 3. HP: 20/20 MP: 5/11
   978 | D:1      | Learned a level 3 spell: Mephitic Cloud
   981 | D:1      | Learned a level 2 spell: Call Imp
   984 | D:1      | Learned a level 2 spell: Blink
  1371 | D:2      | Reached skill level 1 in Fighting
  1371 | D:2      | Reached skill level 1 in Armour
  1752 | D:2      | You fall into a shaft and drop 1 floor!
  1752 | D:3      | Found a shadowy altar of Dithmenos.
  1827 | D:3      | Reached XP level 4. HP: 25/25 MP: 11/13
  1885 | D:3      | Noticed a black bear
  1971 | D:2      | Noticed Jessica
  1977 | D:2      | Killed Jessica
  2142 | D:3      | Learned a level 1 spell: Foxfire
  2149 | D:3      | Found a glowing silver altar of Zin.
  2214 | D:3      | Killed a black bear
  2215 | D:3      | Reached skill level 6 in Spellcasting
  2215 | D:3      | Reached XP level 5. HP: 29/29 MP: 7/15
  2394 | D:3      | Reached XP level 6. HP: 29/34 MP: 0/17
  2550 | D:3      | Found an iron altar of Okawaru.
  2949 | D:3      | Found a snail-covered altar of Cheibriados.
  3049 | D:4      | Reached skill level 1 in Fire Magic
  3049 | D:4      | Reached skill level 1 in Air Magic
  3049 | D:4      | Reached skill level 1 in Poison Magic
  3049 | D:4      | Reached skill level 1 in Evocations
  3134 | D:4      | Found a stormy altar of Qazlal.
  3134 | D:4      | Noticed a sky beast
  3147 | D:4      | Killed a sky beast
  3148 | D:4      | Reached skill level 7 in Spellcasting
  3308 | D:4      | Found an ancient bone altar of Kikubaaqudgha.
  3397 | D:4      | Reached XP level 7. HP: 38/38 MP: 15/19
  4119 | D:5      | Entered Level 5 of the Dungeon
  4119 | D:5      | Found Tiarous's Assorted Antiques.
  4119 | D:5      | Found Fixala's Armour Boutique.
  4119 | D:5      | Found Acoege Dimel's Antique Weapon Boutique.
  4121 | D:5      | Bought an emerald potion for 27 gold pieces
  4121 | D:5      | Bought a sedimented grey potion for 27 gold pieces
  4121 | D:5      | Bought 2 scrolls labelled ELAAZE FOKAST for 62 gold pieces
  4219 | D:5      | Found a blossoming altar of Fedhas.
  4317 | D:5      | Found a runed translucent door.
  4326 | D:5      | Learned a level 5 spell: Freezing Cloud
  4333 | D:5      | Learned a level 6 spell: Starburst
  4336 | D:5      | Noticed bchevrier's ghost (novice GnWn)
  4667 | D:5      | Found a broken altar of Ashenzari.
  5336 | D:6      | Reached skill level 8 in Spellcasting
  5424 | D:6      | Reached skill level 1 in Ice Magic
  5572 | D:6      | Found Bukharun's Armour Emporium.
  5686 | D:6      | Reached XP level 8. HP: 44/44 MP: 16/22
  6447 | D:7      | Reached skill level 9 in Spellcasting
  6507 | D:7      | Found a staircase to the Ecumenical Temple.
  6516 | Temple   | Entered the Ecumenical Temple
  6528 | Temple   | Became a worshipper of Vehumet
  6769 | D:7      | Reached skill level 5 in Conjurations
  7175 | D:8      | Found a white marble altar of Elyvilon.
  7245 | D:8      | Reached skill level 10 in Spellcasting
  7428 | D:8      | Reached XP level 9. HP: 48/48 MP: 17/25
  7430 | D:8      | Noticed Prince Ribbit
  7435 | D:8      | Reached * piety under Vehumet
  7435 | D:8      | Offered knowledge of Sandblast by Vehumet.
  7439 | D:8      | Killed Prince Ribbit
  7440 | D:8      | Reached skill level 5 in Fire Magic
  7614 | D:8      | Found a hide-covered altar of Uskayaw.
  7675 | D:8      | Reached skill level 11 in Spellcasting
  7981 | D:8      | Found a burning altar of Makhleb.
  8095 | D:9      | Found Fyph's Antique Weapon Boutique.
  8197 | D:9      | Noticed a two-headed ogre
  8206 | D:9      | HP: 1/48 [poisoned by a killer bee]
  8207 | D:9      | Gained mutation: You passively map a small area around you.
                  | [potion of mutation]
  8207 | D:9      | Succumbed to a killer bee's poison

Illustrated notes

Levels and vault maps discovered:
D:1:      evilmike_arrival_rings, layout_rooms, nicolae_figureground_sparkle
D:2:      layout_basic, fountainhead, uniq_jessica
D:3:      layout_loops_ring, lemuel_doored_altar, lemuel_coloured_pillars_altar,
          okawaru_trees_2, old_standard_altar
D:4:      layout_loops_ring, mainiacjoe_overflow_tiny_flanked,
          nicolae_qazlal_beasts_of_the_sky
D:5:      layout_layer_cave, mainiacjoe_overflow_boulevard,
          mainiacjoe_overflow_chevrons, ebering_ghost_sewer_d,
          minmay_curled_crystal, nicolae_shop_distant_corner_stores
D:6:      layout_basic, serial_shops, nicolae_square_shop
D:7:      layout_basic, minmay_temple_entry_sparse_star
D:8:      layout_rooms, mainiacjoe_overflow_alcove_2,
          mainiacjoe_overflow_catwalk_spiral, uniq_prince_ribbit1
D:9:      layout_roguey [special_room_bee], serial_shops, shop, shop,
          kennysheep_mini, shop, dreamdust_princess_bridge
Temple:   nicolae_temple_two_arcs

Skill      XL: |  1  2  3  4  5  6  7  8  9 |
---------------+----------------------------+-----
Spellcasting   | 5 6 7 8 10 11 | 11.9
Fighting       | 1 2 |  2.0
Armour         | 1 2 3 |  3.9
Conjurations   | 2 3 4 5 6 |  6.5
Dodging        | 3 |  3.2
Stealth        | 3 |  3.3
Fire Magic     | 1 3 4 5 |  5.9
Air Magic      | 1 |  1.0
Poison Magic   | 1 |  1.2
Evocations     | 1 |  1.2
Ice Magic      | 1 |  1.2
Summonings     | |  1.1
Translocations | |  1.1

Action                     |  1- 3 |  4- 6 |  7- 9 || total
---------------------------+-------+-------+-------++-------
  Melee: Dagger            |    25 |     4 |       ||    29
         Punch             |     1 |       |       ||     1
         Morningstar       |       |     1 |    18 ||    19
         War axe           |       |       |     7 ||     7
   Cast: Magic Dart        |    98 |    10 |    15 ||   123
         Foxfire           |       |    58 |   166 ||   224
         Mephitic Cloud    |       |     4 |    16 ||    20
         Blink             |       |     1 |       ||     1
    Use: Potion            |       |       |     1 ||     1
   Stab: Confused          |       |       |     3 ||     3
 Armour: Robe              |    20 |     5 |    40 ||    65
  Dodge: Dodged            |    32 |     7 |    56 ||    95

Table legend: (Time is in decaauts)
 A = Elapsed time spent in this place.
 B = Non-inter-level travel time spent in this place.
 C = Inter-level travel time spent in this place.
 D = Time resting spent in this place.
 E = Time spent auto-exploring this place.
 F = Levels seen in this place.
 G = Mean time per level.
                   A        B        C        D        E       F      G
               +--------+--------+--------+--------+--------+-----+--------+
         Total |   8232 |   7746 |    486 |     19 |   6632 |  10 |  823.2 |
       Dungeon |   8209 |   7732 |    477 |     19 |   6632 |   9 |  912.1 |
        Temple |     22 |     13 |      9 |      0 |      0 |   1 |   22.0 |
               +--------+--------+--------+--------+--------+-----+--------+

Top non-repeatable levels by time:
     D:1: 1222 daAuts
     D:5: 1162 daAuts
     D:4: 1151 daAuts
     D:3: 1015 daAuts
     D:6: 980 daAuts
     D:8: 869 daAuts
     D:7: 864 daAuts
     D:2: 764 daAuts
     D:9: 180 daAuts
  Temple: 22 daAuts
